 Dungeon Crawl Stone Soup version 0.29-a0-1052-g6990b1bffc (webtiles) character file.

Game seed: 5262900355368204506

14 ytrimaz the Insei (level 2, 18/18 HPs)
             Began as a Demonspawn Transmuter on Aug 17, 2022.
             Was a Follower of Hepliaklqana.
             Quit the game on level 1 of the Dungeon.
             The game lasted 00:00:30 (356 turns).

ytrimaz the Insei (Demonspawn Transmuter)            Turns: 356, Time: 00:00:31

Health: 18/18      AC:  4    Str: 10    XL:     2   Next: 31%
Magic:  5/5        EV: 11    Int: 14    God:    Hepliaklqana [*.....]
Gold:   18         SH:  0    Dex: 13    Spells: 4/5 levels left

rFire   . . .      SeeInvis +     - Unarmed
rCold   . . .      Faith    .   (no shield)
rNeg    . . .      Spirit   .   c - +0 troll leather armour
rPois   .          Reflect  .   (no helmet)
rElec   .          Harm     .   (no cloak)
rCorr   .          Rampage  .   (no gloves)
Will    .....                   (no boots)
Stlth   +.........              (no amulet)
HPRegen 0.86/turn               d - ring of see invisible
MPRegen 0.09/turn               (no ring)

@: no status effects
A: reduced essence, demonic magic 1
a: Renounce Religion, Recall Ancestor, Ancestor Identity


You were on level 1 of the Dungeon.
You worshipped Hepliaklqana.
Hepliaklqana was aware of your devotion.
You visited 1 branch of the dungeon, and saw 1 of its levels.

You collected 18 gold pieces.

Inventory:

Armour
 a - a +0 robe
 c - a +0 troll leather armour (worn)
Jewellery
 d - a ring of see invisible (left hand)
Potions
 b - a potion of lignification
 e - a potion of might {unknown}
 f - 2 potions of mutation {unknown}


   Skills:
 + Level 1.0 Fighting
 + Level 2.1 Dodging
 + Level 3.2 Unarmed Combat
 - Level 2.0 Spellcasting
 - Level 1.7 Transmutations


You had 4 spell levels left.
You knew the following spells:

 Your Spells              Type           Power      Damage    Failure   Level
a - Beastly Appendage     Tmut           12%        N/A       16%         1

Your spell library contained the following spells:

 Spells                   Type           Power      Damage    Failure   Level
 Wereblood                Tmut           6%         N/A       24%         2
 Spider Form              Tmut/Pois      3%         N/A       56%         3
 Ice Form                 Ice/Tmut       3%         N/A       92%         4


Dungeon Overview and Level Annotations

Branches:
Dungeon (1/15)

Altars:
Hepliaklqana


Innate Abilities, Weirdness & Mutations

Your life essence is reduced to manifest your ancestor. (-10% HP)
Spells you cast may paralyse adjacent enemies.


Message History

Found a faded altar of an unknown god.
A ball python comes into view.
A ball python is nearby!
A ball python is nearby!
You grow a pair of large bovine horns.
Your feet morph into talons.
Malevolent energies surge around you.
The ball python hisses angrily.
You see here 6 gold pieces.
Your transformation is almost over.
The ball python bites you. The ball python closely misses you.
The ball python bites you but does no damage.
The ball python grabs you. The ball python constricts you.
The ball python barely misses you. The ball python constricts you.
You hit the ball python. You claw the ball python.
You kill the ball python!
No target in view!
No target in view!
Unknown command.
You now have 9 gold pieces (gained 6).
You now have 18 gold pieces (gained 9).
Your horns disappear.
Your talons disappear.
f - 2 white potions (gained 1)
A bat comes into view.
A bat is nearby!
The bat hits you but does no damage. The bat attacks as you move away!
The bat barely misses you. The bat hits you but does no damage.
The bat hits you but does no damage. The bat barely misses you.
The bat misses you. The bat closely misses you.
There is a faded altar of an unknown god here.
You cannot tell which god this altar belongs to.
Convert to them anyway?
Hepliaklqana accepts your prayer! Hepliaklqana welcomes you!
Hepliaklqana forms a fragment of your life essence into the memory of your ancestor, Ahhotep!
You can now recall your ancestor.
You can now remember your ancestor's identity.
The bat barely misses you.
Are you sure you want to abandon this character and quit the game? (Confirm with "yes".)

......#...................# #
............)............# #.
#...#..#.###.##..)......#
#..#...#..#.....##.#######.##
#..#.†.#..#.....#..# #..#
#...............#.## ##..
#.................# ###
#..#......#..b#.### #.
#|.....#R@.#.# #.
#......#.....# #
#..............#
#..############# #.# #.. ..#


You could see the friendly Ahhotep the ancestor and a bat (ally target).

Vanquished Creatures
  A dart slug (D:1)
  3 ball pythons (D:1)
  2 endoplasms (D:1)
  A giant cockroach (D:1)
  A hobgoblin (D:1)
  A bat (D:1)
  A frilled lizard (D:1)
  A kobold (D:1)
11 creatures vanquished.

Notes
Turn   | Place    | Note
-------+----------+-------------------------------------------
     0 | D:1      | ytrimaz the Demonspawn Transmuter began the quest for the
                  | Orb.
     0 | D:1      | Reached XP level 1. HP: 15/15 MP: 3/3
    45 | D:1      | Reached skill level 3 in Unarmed Combat
    68 | D:1      | Gained mutation: Spells you cast may paralyse adjacent
                  | enemies. [demonic ancestry]
    68 | D:1      | Reached XP level 2. HP: 21/21 MP: 5/5
   319 | D:1      | Found a faded altar of an unknown god.
   355 | D:1      | Prayed at the altar of an unknown god.
   355 | D:1      | Became a worshipper of Hepliaklqana the Forgotten
   355 | D:1      | Reached * piety under Hepliaklqana
   356 | D:1      | Quit the game

Illustrated notes

Levels and vault maps discovered:
D:1:      dpeg_arrival_simpleton_a, layout_basic,
          hellmonk_ecumenical_altar_lost_god

Skill      XL: |  1 |
---------------+----+-----
Unarmed Combat | 3 |  3.2
Dodging        | 2 |  2.1
Fighting       | |  1.0
Spellcasting   | |  2.0
Transmutations | |  1.7

Action                   || total
-------------------------++-------
Melee: Unarmed           ||    21
       Kick              ||     5
       Headbutt          ||     4
 Cast: Beastly Appendage ||     7
 Stab: Paralysed         ||     1
Armor: Troll leather arm ||     7
Dodge: Dodged            ||    23

Table legend: (Time is in decaauts)
 A = Elapsed time spent in this place.
 B = Non-inter-level travel time spent in this place.
 C = Inter-level travel time spent in this place.
 D = Time resting spent in this place.
 E = Time spent auto-exploring this place.
 F = Levels seen in this place.
 G = Mean time per level.
                   A        B        C        D        E       F      G
               +--------+--------+--------+--------+--------+-----+--------+
         Total |    354 |    354 |      0 |      0 |    260 |   1 |  354.0 |
       Dungeon |    354 |    354 |      0 |      0 |    260 |   1 |  354.0 |
               +--------+--------+--------+--------+--------+-----+--------+

Top non-repeatable levels by time:
     D:1: 354 daAuts
